 Dungeon Crawl Stone Soup version 0.22-a0-553-g9358b0b (webtiles) character file.

35 MothsLongingForFire the Skirmisher (level 3, -4/43 HPs)
             Began as a Demonspawn Berserker on June 25, 2018.
             Was a Follower of Trog.
             Slain by a gnoll
             ... wielding a +0 halberd
              (11 damage)
             ... on level 2 of the Dungeon.
             The game lasted 00:03:31 (1533 turns).

MothsLongingForFire the Skirmisher (DsBe)           Turns: 1533, Time: 00:03:32

Health: -4/43      AC:  6    Str: 23    XL:     3   Next: 17%
Magic:  3/3        EV: 12    Int:  8    God:    Trog [*.....]
Gold:   4          SH:  0    Dex: 12    Spells: 2/2 levels left

rFire    . . .     SeeInvis .   a - +0 spear
rCold    . . .     Gourm    .   (no shield)
rNeg     . . .     Faith    .   b - +0 animal skin
rPois    .         Spirit   .   o - +0 helmet
rElec    .         Reflect  .   p - +2 cloak
rCorr    .         Harm     .   (no gloves)
MR       .....                  (no boots)
Stlth    ..........             (no amulet)
HPRegen  0.14/turn              (no ring)
MPRegen  0.08/turn              (no ring)

@: berserking, very quick
A: claws 1, rot immunity
a: Berserk, Renounce Religion


You were on level 2 of the Dungeon.
You worshipped Trog.
Trog was aware of your devotion.
You were hungry.

You visited 1 branch of the dungeon, and saw 2 of its levels.

You collected 4 gold pieces.


Innate Abilities, Weirdness & Mutations

You have sharp fingernails.
You are immune to rotting.


   Skills:
 + Level 3.5 Fighting
 - Level 3.0 Polearms
 - Level 1.7 Armour
 - Level 1.7 Dodging
 * Level 1.4 Unarmed Combat


You had 2 spell levels left.
You didn't know any spells.
Your spell library was empty.

Inventory:

Hand Weapons
 a - a +0 spear (weapon)
Missiles
 d - 19 stones (quivered)
 j - 7 poisoned needles
Armour
 b - a +0 animal skin (worn)
 o - a +0 helmet (worn)
 p - a +2 cloak (worn)
Jewellery
 f - an uncursed ring of see invisible {unknown}
 g - a +3 amulet of reflection {unknown}
Scrolls
 e - a scroll of identify {unknown}
 h - a scroll of teleportation {unknown}
 i - a scroll of immolation {unknown}
 k - a scroll of blinking {unknown}
Potions
 l - a potion of agility {unknown}
 m - a potion of lignification {unknown}
 n - a potion of berserk rage {unknown}
Comestibles
 c - a ration {@e1}

Dungeon Overview and Level Annotations

Branches:
Dungeon (2/15)

Altars:
Okawaru

#.........# ....# #
#.......... ... .g...#
#.#.........# .g.. ....#
#.#.........#
....####...###.#.........#
.......#...##.........####
.......#...##.#.##.#..#
.......#...##..#..#...#
#......#@..##.#.░░.#..#
#..g...+..#.░░)#.##
#.##.......#..#..# #
#####..#.##.#.#
#.........# #.....#####
#######


You could see 2 gnolls.


Message History

Okay, then.
Wear which item? (? for menu, Esc to quit)
You finish putting on your +0 helmet.
Wear which item? (? for menu, Esc to quit)
You finish putting on your +2 cloak.
You open the door.
A gnoll comes into view. It is wielding a halberd.
There is an open door here.
The gnoll shouts!
The gnoll is too close now for your liking.
There is an open door here.
You start waiting.
The gnoll is too close now for your liking.
You barely miss the gnoll. The gnoll hits you with a halberd!
Use which ability? (? or * to list)
A red film seems to cover your vision as you go berserk!
You feel yourself moving faster!
You feel mighty!
You are feeling hungry.
The gnoll hits you with a halberd!
You hit the gnoll.
The gnoll is moderately wounded.
You barely miss the gnoll.
The gnoll is moderately wounded.
The gnoll hits you with a halberd!
* * * LOW HITPOINT WARNING * * *
You hit the gnoll.
The gnoll is severely wounded.
A gnoll comes into view.
The gnoll hits you with a halberd!
You die...

Skill      XL: |  1  2 |
---------------+-------+-----
Polearms       | 3 |  3.0
Unarmed Combat | 1 |  1.4
Fighting       | |  3.5
Armour         | |  1.7
Dodging        | |  1.7

Action                   || total
-------------------------++-------
Melee: Spear             ||    60
Invok: Berserk           ||     3
  Eat: Chunk             ||     4
Armor: Animal skin       ||     7
Dodge: Dodged            ||    24

Vault maps used:
D:1:      dpeg_arrival_court
D:2:      old_standard_altar, minmay_strange_pillars, minmay_small_reverse_x

Notes
Turn   | Place    | Note
-------+----------+-------------------------------------------
     0 | D:1      | MothsLongingForFire the Demonspawn Berserker began the quest for the Orb.
     0 | D:1      | Reached XP level 1. HP: 18/18 MP: 1/1
   372 | D:1      | Reached skill level 3 in Polearms
   372 | D:1      | Gained mutation: You have sharp fingernails. [demonic ancestry]
   372 | D:1      | Reached XP level 2. HP: 18/24 MP: 2/2
  1110 | D:2      | Found an iron altar of Okawaru.
  1125 | D:2      | Reached skill level 1 in Unarmed Combat
  1208 | D:2      | Gained mutation: You are immune to rotting. [demonic ancestry]
  1208 | D:2      | Reached XP level 3. HP: 5/29 MP: 3/3
  1533 | D:2      | Slain by a gnoll

Vanquished Creatures
  An adder (D:2)
  A gnoll (D:2)
  A dart slug (D:1)
  2 bats
  A goblin (D:1)
  2 kobolds (D:1)
  A ball python (D:1)
  2 frilled lizards (D:1)
  7 rats
18 creatures vanquished.

Table legend:
 A = Turns spent in this place as a percentage of turns spent in the entire game.
 B = Non-inter-level travel turns spent in this place as a percentage of non-inter-level travel turns spent in the entire game.
 C = Inter-level travel turns spent in this place as a percentage of turns spent in this place.
 D = Turns resting spent in this place as a percentage of non-inter-level travel turns spent in this place.
 E = Turns spent auto-exploring this place as a percentage of non-inter-level travel turns spent in this place.
 F = Non-inter-level travel turns spent in this place divided by the number of levels of this place that you've seen.
                   A       B       C       D       E      F
               +-------+-------+-------+-------+-------+----------------------
         Total | 100.0 | 100.0 |   3.2 |  39.6 |  47.1 | 742.0
       Dungeon | 100.0 | 100.0 |   3.2 |  39.6 |  47.1 | 742.0
               +-------+-------+-------+-------+-------+----------------------

Table legend:
 A = Spawn XP
 B = Non-spawn XP
 C = Spawn XP percentage of total XP
 D = Spawn monster count
 E = Non-spawn monster count
 F = Spawn count percentage of total count
 G = Total turns spent on level
                    A         B        C        D         E        F      G
               +---------+---------+-------+---------+---------+-------+---------
         Total |       0 |      51 |   0.0 |       0 |      18 |   0.0 |  1533
               +---------+---------+-------+---------+---------+-------+---------
           D:1 |       0 |      20 |   0.0 |       0 |      13 |   0.0 |  1081
           D:2 |       0 |      31 |   0.0 |       0 |       5 |   0.0 |   452
               +---------+---------+-------+---------+---------+-------+---------
